[Event "Slovakian-ch Youth 2022"]
[Site "Lubovna"]
[Date "2022.05.23"]
[Round "3.18"]
[White "Paluska, Karol"]
[Black "Janik, Marek Tobias"]
[Result "1-0"]
[ECO "A01"]
[WhiteElo "2006"]
[BlackElo "1840"]
[Annotator "TA"]
[PlyCount "87"]
[EventDate "2022.05.22"]
[EventCountry "SVK"]
[SourceTitle "playchess.com"]
[Source "ChessBase"]
[SourceQuality "1"]
[TimeControl "40/5400+30:1800+30"]

1. b3 e5 2. Bb2 d6 3. e3 Nf6 4. d4 exd4 5. Bxd4 g6 6. Nf3 {[%emt 0:02:37] A01: Nimzowitsch-Larsen Opening.} Bg7 7. Bd3 Nc6 8. Bb2 {[%emt 0:02:45] [#] The position is equal.} Be6 $146 ({Predecessor:} 8... O-O 9. O-O Qe7 10. Nbd2 b6 11. Qe2 Nb4 12. Rfe1 Bb7 13. a3 Nxd3 14. cxd3 Rfe8 {1-0 (85) Moreno Gracia,D (2341)-Lana Rodriguez,D (2254) Aragon 2015}) 9. a3 O-O 10. c4 Qe7 11. O-O Rad8 12. Qc2 Bg4 13. Nd4 Ne5 14. Nc3 c5 (14... d5 $15 15. cxd5 Nxd3 16. Qxd3 Nxd5 17. Nxd5 Rxd5) 15. Nde2 $11 d5 16. cxd5 Nxd5 17. Nxd5 Rxd5 18. Bc4 Nxc4 19. bxc4 Rd6 (19... Bf5 $5 20. Qc1 Bxb2 21. Qxb2 Rd7 $15) 20. Bxg7 Kxg7 21. Nf4 Qe5 22. Nd5 Bf5 23. Qb3 b6 24. f3 {[%emt 0:02:08][%cal Bf2f3,Bf3f4][%mdl 32] Inhibits Be4.} Be6 25. e4 (25. f4 Qe4 26. Rad1 Bc8 $15) 25... f5 26. Rae1 Qd4+ 27. Kh1 (27. Rf2 $5 ) 27... fxe4 $1 28. Rd1 Qe5 {[%emt 0:01:07] And now ...exf3 would win.} 29. f4 Qh5 30. Nc7 Bxc4 31. Qc3+ $16 Kh6 32. Rxd6 Bxf1 33. Ne6 $1 {[%emt 0:02:33][%csl Ge6][%cal Rc3g7] Really sharp! White is more active.} Rf7 {[%emt 0:00:58] Inhibits Qg7+. Threatens to win with ...Qg4.} 34. Qe3 $40 {[%emt 0:02:10][%mdl 1152] Threatening mate with f5+. White has strong compensation. White is up to no good.} Qf5 $2 (34... Rf5 $14) 35. Ng5 $2 {[%emt 0:01:38] [#]} (35. h3 $1 $18 {Strongly threatening g4.} Bxg2+ 36. Kxg2) 35... Re7 $2 (35... Bxg2+ $1 $11 36. Kxg2 Qg4+ 37. Kh1 Rxf4 38. Nxe4 Qf3+ 39. Qxf3 Rxf3) 36. Rd8 $4 (36. Qf2 Be2 $1 37. h3 (37. Qxe2 $2 Qxf4 38. Rd5 Qc1+ 39. Rd1 Qxg5 $19) 37... Bh5) (36. h3 $1 $18 {and all is fine. aiming for g4.} Be2 37. g4 (37. Qxe2 e3 $16) 37... Bxg4 38. hxg4 Qxg4 39. Rd2) 36... Qg4 37. Qf2 (37. Rd2 $17 Bd3 38. h3) 37... e3 $2 38. Qxf1 $11 e2 {[%emt 0:00:02][%cal Re2f1][%mdl 64] Deflection} 39. Qe1 {[%emt 0:00:05] Black must now prevent g3.} Qxf4 {[%emt 0:00:07] ( -> ...Qf1+)} 40. Nf3 Re3 {[%emt 0:01:03] [#]} (40... Kg7 $11) 41. Rd2 $1 $16 ({Don't blunder} 41. Rd7 $2 Rxf3 42. gxf3 Qxf3+ 43. Kg1 Qg4+ 44. Kf2 Qxd7 $19) 41... Rxa3 $2 (41... Re4 $16) 42. Rxe2 $18 c4 $2 (42... Rxf3 43. gxf3 Qxf3+ 44. Rg2 a6) 43. Re4 Qf6 44. Qc1+ {[%emt 0:00:00] Weighted Error Value: White=0.39/Black=0.57} 1-0

[Event "Slovakian-ch Youth 2022"]
[Site "Lubovna"]
[Date "2022.05.23"]
[Round "3.19"]
[White "Rak, Martin"]
[Black "Horvath, Marek"]
[Result "1-0"]
[ECO "C56"]
[WhiteElo "1849"]
[BlackElo "1801"]
[Annotator "NA RC COMBH"]
[PlyCount "49"]
[EventDate "2022.05.22"]
[EventCountry "SVK"]
[SourceTitle "playchess.com"]
[Source "ChessBase"]
[SourceQuality "1"]
[TimeControl "40/5400+30:1800+30"]

1. e4 e5 2. Nf3 Nc6 3. d4 exd4 4. Bc4 Nf6 5. e5 d5 6. Bb5 Ne4 7. Nxd4 Bd7 8. Bxc6 bxc6 9. O-O Bc5 10. Be3 O-O 11. Nd2 Nxd2 12. Qxd2 Qb8 13. c3 a5 {[%emt 0:04:28] [#]} (13... Bb6 $11) 14. Nb3 (14. Nxc6 $1 $16 Bxe3 15. Nxb8 Bxd2 16. Nxd7) 14... Bb6 15. Nc5 Bf5 16. b4 Re8 17. f4 Qa7 18. a3 axb4 19. cxb4 Be4 ({Black should try} 19... Bxc5 20. Bxc5 Qa4) 20. a4 Rad8 21. Bd4 Bxc5 $16 22. Bxc5 Qa6 23. Rfd1 Re6 24. Qe3 Rg6 25. Qxe4 1-0

[Event "Slovakian-ch Youth 2022"]
[Site "Lubovna"]
[Date "2022.05.23"]
[Round "3.20"]
[White "Sevcik, Matej"]
[Black "Sustek, Adam"]
[Result "1/2-1/2"]
[ECO "E05"]
[WhiteElo "1820"]
[BlackElo "1636"]
[Annotator "NA RC COMBH"]
[PlyCount "62"]
[EventDate "2022.05.22"]
[EventCountry "SVK"]
[SourceTitle "playchess.com"]
[Source "ChessBase"]
[SourceQuality "1"]
[TimeControl "40/5400+30:1800+30"]

1. d4 e6 2. c4 d5 3. Nf3 Nf6 4. g3 Be7 5. Bg2 O-O 6. O-O dxc4 7. Qc2 a6 8. a4 {[%emt 0:00:04] 8.a4 scores better than 8.Qxc4.} Bd7 9. Qxc4 b5 10. Qc2 {[%emt 0:01:27] [#]} bxa4 $146 ({Predecessor:} 10... Nc6 11. axb5 Nb4 12. Qb3 Bxb5 13. Nc3 Bc6 14. Bf4 Rb8 15. Qc4 Ne8 16. e4 Qc8 17. Rfc1 {1-0 (30) Gaal,Z (2336)-Vidic,T (2191) Terme Catez 2022}) 11. Ne5 Nd5 12. Nc3 Nb4 13. Qd1 N8c6 14. Nxa4 (14. Nxd7 $16 Qxd7 15. Qxa4) 14... Rb8 15. Nf3 Na7 16. e4 (16. Bd2 $14) 16... Bb5 17. Re1 Bd3 $11 18. Re3 Bc2 19. Qe2 c5 ({Black should try} 19... Nb5 $11) 20. d5 Nb5 21. Bd2 Nd4 22. Nxd4 cxd4 23. Rea3 d3 24. Qg4 exd5 25. exd5 Nxd5 26. Bh6 Bf6 27. Be4 Ne7 28. Bf4 Rb4 29. Bd2 Rxa4 30. Rxa4 Bxa4 31. Rxa4 Bxb2 1/2-1/2

[Event "Slovakian-ch Youth 2022"]
[Site "Lubovna"]
[Date "2022.05.23"]
[Round "3.21"]
[White "Ondrejcak Gregor"]
[Black "Koska, Jiri"]
[Result "0-1"]
[ECO "B13"]
[WhiteElo "1000"]
[BlackElo "1759"]
[Annotator "NA RC COMBH"]
[PlyCount "72"]
[EventDate "2022.05.22"]
[EventCountry "SVK"]
[SourceTitle "playchess.com"]
[Source "ChessBase"]
[SourceQuality "1"]
[TimeControl "40/5400+30:1800+30"]

1. e4 c6 2. d4 d5 3. exd5 cxd5 4. c4 Nf6 5. Nc3 Nc6 6. Nf3 Be6 7. Qb3 dxc4 8. Bxc4 Bxc4 9. Qxc4 e6 10. a3 Be7 11. Be3 O-O 12. O-O Rc8 13. Qb5 Na5 14. Rfd1 a6 15. Qd3 Nc4 16. Rab1 Qc7 17. Qe2 Rfd8 18. Nd2 Nxd2 19. Rxd2 Bxa3 20. bxa3 Qxc3 21. Rxb7 Qc1+ 22. Rd1 Qxa3 23. h3 h6 24. Rdb1 Rd6 25. Ra7 Rd7 26. Rxa6 Qe7 27. Kh1 Nd5 28. Bd2 Rdc7 29. Rb2 Rc4 30. Be3 Qc7 31. Rb1 Nc3 32. Qg4 Nxb1 33. Bxh6 g6 34. Qe4 Qb8 35. Rxe6 Rc1+ 36. Bxc1 Rxc1+ 0-1

[Event "Slovakian-ch Youth 2022"]
[Site "Lubovna"]
[Date "2022.05.23"]
[Round "3.22"]
[White "Orgon, Patrik"]
[Black "Klimek, Martin"]
[Result "1-0"]
[ECO "A03"]
[WhiteElo "1721"]
[BlackElo "1451"]
[Annotator "NA COMBH"]
[PlyCount "51"]
[EventDate "2022.05.22"]
[EventCountry "SVK"]
[SourceTitle "playchess.com"]
[Source "ChessBase"]
[SourceQuality "1"]
[TimeControl "40/5400+30:1800+30"]

1. f4 d5 2. Nf3 c5 3. e3 Nf6 4. Bb5+ Nc6 5. Bxc6+ bxc6 6. O-O Bg4 7. b3 e6 8. Bb2 Bd6 9. Qe1 O-O 10. Ne5 Rc8 11. d3 Bh5 12. Nd2 Nd7 13. Nxd7 Qxd7 14. e4 e5 15. fxe5 Bb8 16. Qg3 Qg4 17. Qxg4 Bxg4 18. h3 Bh5 19. g4 Bg6 20. Rae1 d4 21. Nc4 Rfe8 22. Ba3 Bxe5 23. Bxc5 f6 24. a4 a6 25. Bd6 c5 26. Bxe5 1-0

[Event "Slovakian-ch Youth 2022"]
[Site "Lubovna"]
[Date "2022.05.23"]
[Round "3.23"]
[White "Vojtas Marek"]
[Black "Jurky, Marian"]
[Result "0-1"]
[ECO "D02"]
[WhiteElo "1000"]
[BlackElo "1689"]
[Annotator "NA RC COMBH"]
[PlyCount "70"]
[EventDate "2022.05.22"]
[EventCountry "SVK"]
[SourceTitle "playchess.com"]
[Source "ChessBase"]
[SourceQuality "1"]
[TimeControl "40/5400+30:1800+30"]

1. d4 d5 2. Bf4 Nf6 3. e3 e6 4. Bd3 Bd6 5. Bg3 O-O 6. Nd2 b6 7. Ngf3 Ba6 8. Bxa6 Nxa6 9. c3 c5 10. Bxd6 Qxd6 11. Ne5 Nd7 12. f4 Nab8 13. O-O f6 14. Nxd7 Nxd7 15. Qg4 cxd4 16. cxd4 Rac8 17. Rf3 f5 18. Qg5 Rf6 19. Qh4 Rh6 20. Qf2 Nf6 21. Nf1 Ne4 22. Qe2 Rc6 23. h3 Rg6 24. Nh2 Qc7 25. g4 Rc2 26. Qb5 Nd6 27. Qb3 fxg4 28. hxg4 Rh6 29. Nf1 Rh4 30. g5 Ne4 31. Qa4 Qc8 32. f5 Rg4+ 33. Kh1 exf5 34. Rxf5 Qxf5 35. Qxc2 Nf2+ 0-1

[Event "Slovakian-ch Youth 2022"]
[Site "Lubovna"]
[Date "2022.05.23"]
[Round "3.24"]
[White "Papp, Gabor"]
[Black "Volanek, Maros"]
[Result "1/2-1/2"]
[ECO "D35"]
[WhiteElo "2564"]
[BlackElo "1458"]
[Annotator "TA"]
[PlyCount "52"]
[EventDate "2022.05.22"]
[EventCountry "SVK"]
[SourceTitle "playchess.com"]
[Source "ChessBase"]
[SourceQuality "1"]
[TimeControl "40/5400+30:1800+30"]

1. d4 d5 2. c4 e6 3. Nc3 Nf6 4. Nf3 c6 5. Bg5 Be7 6. e3 Nbd7 7. cxd5 exd5 8. Bd3 O-O 9. O-O h6 10. Bh4 Re8 11. Rb1 {[%emt 0:01:08] D35: Queen's Gambit Declined: Exchange Variation.} a6 12. b4 b5 13. a4 Nb6 14. Ne5 {[%emt 0:02:35] [#]} Qc7 $146 ({Predecessor:} 14... Bb7 15. f4 Nc4 16. Bxc4 dxc4 17. Qf3 Nd5 18. Bxe7 Rxe7 19. Nxd5 Qxd5 20. Qxd5 cxd5 21. axb5 axb5 {1-0 (44) Suvorov,L (1255)-Shen,J (1383) Oberhof 2012}) 15. Qd2 (15. f4 $11) 15... Ng4 16. Bxe7 {[%emt 0:02:08] [#] Hoping for Nxg4.} Rxe7 (16... Nxe5 $11 {deserves consideration.} 17. Bc5 (17. dxe5 Qxe7 18. f4 Nc4 $15) 17... Nbc4 18. Bxc4 Nxc4) 17. a5 ({Reject} 17. axb5 Nxe5 18. dxe5 axb5 $11) 17... Nc4 18. Bxc4 bxc4 19. Nxg4 Bxg4 20. f3 Bf5 21. Rb2 Rae8 22. Re1 Re6 {[%emt 0:01:07] Strongly threatening ...Qe7.} 23. Na4 $1 Qe7 24. Kf2 Qh4+ 25. Kg1 Qe7 26. Kf2 Qh4+ {[%emt 0:00:26] Weighted Error Value: White=0.10 (very precise) /Black=0.09 (flawless)} 1/2-1/2

[Event "Slovakian-ch Youth 2022"]
[Site "Lubovna"]
[Date "2022.05.23"]
[Round "3.25"]
[White "Baron, Patrik"]
[Black "Tokarcik, Patrik"]
[Result "1/2-1/2"]
[ECO "B07"]
[WhiteElo "1740"]
[BlackElo "1591"]
[Annotator "NA RC COMBH"]
[PlyCount "171"]
[EventDate "2022.05.22"]
[EventCountry "SVK"]
[SourceTitle "playchess.com"]
[Source "ChessBase"]
[SourceQuality "1"]
[TimeControl "40/5400+30:1800+30"]

1. e4 d6 2. d4 Nf6 3. Nc3 g6 4. Be3 Bg7 5. Qd2 h6 6. h3 c6 7. Nf3 Qc7 8. Bd3 Nbd7 9. O-O c5 10. Rad1 cxd4 11. Nxd4 Nc5 12. Rfe1 Nxd3 13. cxd3 a6 14. Rc1 Qd8 15. Rc2 e5 16. Nde2 Be6 17. Rec1 Rc8 18. d4 b5 19. d5 Bd7 20. a3 g5 21. f3 Nh5 22. Na2 Rxc2 23. Rxc2 Nf4 24. Nb4 Qa5 25. Nc6 Qxd2 26. Rxd2 O-O 27. Nb4 a5 28. Nc6 Bxc6 29. dxc6 Rc8 30. Nc3 Rxc6 31. Nxb5 Bf8 32. Ba7 f6 33. a4 Kf7 34. Bb8 Ke6 35. Bc7 Ra6 36. Kf2 Kd7 37. Bb8 Rc6 38. Kg3 h5 39. b3 Ne6 40. Ba7 Be7 41. Na3 Bd8 42. Nc4 Bc7 43. Be3 Ke7 44. Rd5 Ra6 45. Rb5 Kd7 46. Nb6+ Kc6 47. Nd5 Bd8 48. Kf2 Nc7 49. Nxc7 Bxc7 50. Ke2 Ra8 51. Kd3 Rg8 52. g4 Rh8 53. Bd2 hxg4 54. hxg4 Ra8 55. Kc4 Bb6 56. Bc3 Bc7 57. b4 axb4 58. Kxb4 Bb6 59. Kb3 Bc5 60. Bb4 Bd4 61. Rd5 Bc5 62. Bxc5 dxc5 63. Rd1 Rb8+ 64. Kc2 c4 65. Kc3 Rb3+ 66. Kxc4 Rxf3 67. Ra1 Rf4 68. Kd3 Rxg4 69. a5 Kb7 70. a6+ Ka7 71. Ke3 Rf4 72. Ra4 g4 73. Ra2 Rf3+ 74. Ke2 Rb3 75. Kf2 Rb4 76. Re2 Kxa6 77. Kg3 Kb5 78. Kxg4 Kc4 79. Kf5 Kd3 80. Re1 Kd2 81. Rh1 Kd3 82. Rh3+ Kd2 83. Kxf6 Rxe4 84. Rh5 Re2 85. Rxe5 Rxe5 86. Kxe5 1/2-1/2

[Event "Slovakian-ch Youth 2022"]
[Site "Lubovna"]
[Date "2022.05.23"]
[Round "3.26"]
[White "Filo, David"]
[Black "Lakota, Jan"]
[Result "0-1"]
[ECO "D17"]
[WhiteElo "1653"]
[BlackElo "1488"]
[Annotator "NA RC COMBH"]
[PlyCount "71"]
[EventDate "2022.05.22"]
[EventCountry "SVK"]
[SourceTitle "playchess.com"]
[Source "ChessBase"]
[SourceQuality "1"]
[TimeControl "40/5400+30:1800+30"]

1. d4 c6 2. c4 d5 3. Nf3 Nf6 4. Nc3 dxc4 5. a4 Bf5 6. Bf4 e6 7. e3 Bb4 8. Rc1 Qa5 9. Nd2 b5 10. Be2 Bxc3 11. bxc3 Nd5 12. Bg4 Nxc3 13. Qf3 Ne4 14. Rd1 Nxd2 15. Rxd2 c3 16. Bxf5 cxd2+ 17. Kd1 exf5 18. Qg3 Nd7 19. Qxg7 O-O-O 20. Qxf7 Qxa4+ 21. Kxd2 Qb4+ 22. Ke2 Qc4+ 23. Qxc4 bxc4 24. Rc1 Nb6 25. g3 Rhe8 26. Kd2 Rd5 27. Ra1 Kb7 28. Kc3 a5 29. f3 c5 30. Rb1 Kc6 31. g4 cxd4+ 32. exd4 fxg4 33. fxg4 Re4 34. Be5 Rxg4 35. Rf1 Nd7 36. Rf7 0-1

[Event "Slovakian-ch Youth 2022"]
[Site "Lubovna"]
[Date "2022.05.23"]
[Round "3.27"]
[White "Dolnik, Michal"]
[Black "Durovka, Marek"]
[Result "0-1"]
[ECO "B40"]
[WhiteElo "1548"]
[BlackElo "1827"]
[Annotator "NA COMBH"]
[PlyCount "56"]
[EventDate "2022.05.22"]
[EventCountry "SVK"]
[SourceTitle "playchess.com"]
[Source "ChessBase"]
[SourceQuality "1"]
[TimeControl "40/5400+30:1800+30"]

1. e4 c5 2. Nf3 e6 3. b3 Nf6 4. Nc3 Nc6 5. Bb2 d5 6. exd5 Nxd5 7. Nxd5 Qxd5 8. Qe2 f6 9. O-O-O $1 e5 (9... Bd7 $11) 10. d4 $1 cxd4 11. Nxd4 Nxd4 12. Rxd4 Qc6 13. Rc4 ({Better is} 13. f4) 13... Qe6 {[%emt 0:05:21] [#]} 14. g3 ({Don't take} 14. Rc7 $6 Kd8 15. Rc3 Bb4 $16) (14. f4 $1 $18 {[%cal Rf4e5] has better winning chances.}) 14... Bd6 15. Bg2 O-O 16. Rd1 Qe7 17. Rh4 Bf5 $18 ({Black should play} 17... Rd8 $14) 18. Bd5+ $2 (18. Qf3 $18 g5 19. Ra4 (19. Qxf5 gxh4 20. Be4 Rad8 $11)) 18... Kh8 19. g4 (19. Qf3 $16 g6 20. Bxb7) 19... Bg6 20. Rh3 e4 21. Kb1 Rac8 22. Bxb7 Qxb7 23. Rxd6 e3 24. Qxe3 Rxc2 25. Rd3 Rfc8 26. Bc3 R2xc3 27. Qd4 Qh1+ 28. Kb2 Qc1# 0-1

[Event "Slovakian-ch Youth 2022"]
[Site "Lubovna"]
[Date "2022.05.23"]
[Round "3.28"]
[White "Meszaros, Casey Ryan"]
[Black "Bilik, Matej"]
[Result "1-0"]
[ECO "B22"]
[WhiteElo "1757"]
[BlackElo "1553"]
[Annotator "NA RC COMBH"]
[PlyCount "97"]
[EventDate "2022.05.22"]
[EventCountry "SVK"]
[SourceTitle "playchess.com"]
[Source "ChessBase"]
[SourceQuality "1"]
[TimeControl "40/5400+30:1800+30"]

1. e4 c5 2. c3 d5 3. exd5 Qxd5 4. d4 e5 5. dxe5 Qxd1+ 6. Kxd1 Nc6 7. Bb5 Bd7 8. Nf3 O-O-O 9. Nbd2 a6 10. Bc4 Bg4 11. Be2 Bxf3 12. Bxf3 Nxe5 13. Kc2 Nxf3 14. Nxf3 f6 15. Be3 Bd6 16. Rad1 Ne7 17. g4 Nc6 18. Rd5 Be7 19. Rhd1 b6 20. a3 a5 21. Nh4 g6 22. Ng2 Rxd5 23. Rxd5 Rd8 24. Nf4 Ne5 25. h3 Nc4 26. Rxd8+ Bxd8 27. Kb3 Nxe3 28. fxe3 Kd7 29. Kc4 Kc6 30. a4 Bc7 31. Nd5 Bd8 32. e4 g5 33. Ne3 Kd6 34. Kb5 Ke5 35. Nd5 Kxe4 36. Nxb6 h5 37. gxh5 f5 38. Nd7 f4 39. h6 f3 40. h7 f2 41. h8=Q f1=Q+ 42. c4 Bc7 43. Nxc5+ Ke3 44. Qc3+ Kf2 45. Ne4+ Kg1 46. Qe3+ Kg2 47. Qxg5+ Kh2 48. Qd2+ Kh1 49. Qd1 1-0

[Event "Slovakian-ch Youth 2022"]
[Site "Lubovna"]
[Date "2022.05.23"]
[Round "3.29"]
[White "Ziman, Damian"]
[Black "Ropovik, Samuel"]
[Result "1/2-1/2"]
[ECO "B61"]
[WhiteElo "1293"]
[BlackElo "1453"]
[Annotator "NA RC COMBH"]
[PlyCount "86"]
[EventDate "2022.05.22"]
[EventCountry "SVK"]
[SourceTitle "playchess.com"]
[Source "ChessBase"]
[SourceQuality "1"]
[TimeControl "40/5400+30:1800+30"]

1. e4 c5 2. Nf3 d6 3. d4 cxd4 4. Nxd4 Nf6 5. Nc3 Nc6 6. Bg5 Bd7 7. Qd2 Rc8 8. O-O-O Qa5 9. Bh4 e6 10. Bc4 Nxd4 11. Qxd4 Be7 12. Bb3 Bc6 13. f3 O-O 14. g4 Rfd8 15. Bf2 a6 16. Be1 Qg5+ 17. Kb1 Qc5 18. Qd3 Nd7 19. h4 d5 20. exd5 Nf6 21. Qe2 Nxd5 22. Ne4 Qe3 23. Qf1 Nf6 24. Bd2 Qb6 25. Nc3 Qc7 26. Qg2 b5 27. Ne2 Qb7 28. Rhf1 Bc5 29. Qh3 Nd5 30. g5 Qe7 31. h5 e5 32. g6 hxg6 33. hxg6 fxg6 34. Ba5 Rd7 35. Rh1 Rf8 36. Qh7+ Kf7 37. Rhg1 Qf6 38. Nc3 Bxg1 39. Nxd5 Bxd5 40. Bxd5+ Ke7 41. Bb4+ Ke8 42. Bxf8 Kxf8 43. Qh1 Bb6 1/2-1/2

[Event "Slovakian-ch Youth 2022"]
[Site "Lubovna"]
[Date "2022.05.23"]
[Round "3.30"]
[White "Brnusak, Simon"]
[Black "Shykhnenko, Hryhorii"]
[Result "0-1"]
[ECO "C42"]
[WhiteElo "1090"]
[BlackElo "1284"]
[Annotator "NA RC COMBH"]
[PlyCount "108"]
[EventDate "2022.05.22"]
[EventCountry "SVK"]
[SourceTitle "playchess.com"]
[Source "ChessBase"]
[SourceQuality "1"]
[TimeControl "40/5400+30:1800+30"]

1. e4 e5 2. Nf3 Nf6 3. Nxe5 Nc6 4. d4 Nxe5 5. dxe5 Nxe4 6. Nc3 Nxc3 7. bxc3 Bc5 8. Bd3 Qe7 9. O-O d6 10. exd6 Qxd6 11. Re1+ Be6 12. Be3 O-O-O 13. Rb1 Bxe3 14. Rxe3 Bxa2 15. Ra1 Qd5 16. Qe2 Qa5 17. Qg4+ Kb8 18. Qb4 Qxb4 19. cxb4 Be6 20. f4 Rd4 21. f5 Bc4 22. Rae1 Bxd3 23. Re8+ Rd8 24. Rxd8+ Rxd8 25. cxd3 b6 26. Re7 Rf8 27. Kf2 Kc8 28. g4 g6 29. f6 a6 30. d4 a5 31. b5 Kd8 32. Ke3 Re8 33. Rxe8+ Kxe8 34. Ke4 a4 35. Kd3 Kd7 36. d5 Kd6 37. Kd4 a3 38. Kc3 a2 39. Kb2 a1=Q+ 40. Kxa1 Kxd5 41. Kb2 Kc4 42. Kc2 Kxb5 43. Kd3 Kc5 44. Kc3 Kd5 45. Kd3 c5 46. Kc3 c4 47. h3 g5 48. Kc2 Kd4 49. Kb2 Kd3 50. Kc1 c3 51. Kb1 c2+ 52. Kc1 h6 53. h4 gxh4 54. g5 hxg5 0-1

[Event "Slovakian-ch Youth 2022"]
[Site "Lubovna"]
[Date "2022.05.23"]
[Round "3.31"]
[White "Dvorak, Alfred"]
[Black "Gobl, Fabian"]
[Result "1-0"]
[ECO "D02"]
[WhiteElo "1239"]
[BlackElo "1017"]
[Annotator "NA RC COMBH"]
[PlyCount "81"]
[EventDate "2022.05.22"]
[EventCountry "SVK"]
[SourceTitle "playchess.com"]
[Source "ChessBase"]
[SourceQuality "1"]
[TimeControl "40/5400+30:1800+30"]

1. d4 d5 2. Nf3 Nc6 3. Bf4 Bf5 4. c3 e6 5. e3 Bg4 6. Nbd2 Bxf3 7. Nxf3 Nf6 8. Bb5 Bd6 9. Bxd6 Qxd6 10. Ne5 O-O 11. Bxc6 bxc6 12. Qa4 c5 13. Rc1 c4 14. O-O Rfc8 15. b3 cxb3 16. axb3 c5 17. Rfd1 Rc7 18. c4 cxd4 19. exd4 dxc4 20. bxc4 Nd7 21. Nxd7 Rxd7 22. Rd2 Rad8 23. Rcd1 h6 24. Qb3 Qb6 25. Qc3 e5 26. d5 Qc5 27. Rc2 a5 28. Qxe5 Re7 29. Qc3 Rde8 30. h3 Rd7 31. Ra1 Ra8 32. Qe3 Qc7 33. Qd4 Qd6 34. Rca2 Rda7 35. c5 Qd7 36. d6 Qc6 37. Rb2 Ra6 38. Rab1 Re8 39. Rb8 Rxb8 40. Rxb8+ Kh7 41. d7 1-0

[Event "Slovakian-ch Youth 2022"]
[Site "Lubovna"]
[Date "2022.05.23"]
[Round "3.32"]
[White "Boros, David"]
[Black "Krajci Hugo"]
[Result "1-0"]
[ECO "C53"]
[WhiteElo "1173"]
[BlackElo "1178"]
[Annotator "NA RC COMBH"]
[PlyCount "29"]
[EventDate "2022.05.22"]
[EventCountry "SVK"]
[SourceTitle "playchess.com"]
[Source "ChessBase"]
[SourceQuality "1"]
[TimeControl "40/5400+30:1800+30"]

1. e4 e5 2. Nf3 Nc6 3. Bc4 Bc5 4. c3 d6 5. d4 Bb6 6. dxe5 dxe5 7. Qxd8+ Kxd8 8. Bxf7 Nf6 9. Bg5 Ke7 10. Bd5 Rf8 11. Nbd2 Kd6 12. Nc4+ Kc5 13. Be3+ Kb5 14. a4+ Ka6 15. b4 1-0

[Event "Slovakian-ch Youth 2022"]
[Site "Lubovna"]
[Date "2022.05.23"]
[Round "3.33"]
[White "Hudak, Michal"]
[Black "Papay Aurel"]
[Result "1-0"]
[ECO "D02"]
[WhiteElo "1169"]
[BlackElo "1000"]
[Annotator "NA COMBH"]
[PlyCount "59"]
[EventDate "2022.05.22"]
[EventCountry "SVK"]
[SourceTitle "playchess.com"]
[Source "ChessBase"]
[SourceQuality "1"]
[TimeControl "40/5400+30:1800+30"]

1. Nf3 Nc6 2. d4 d5 3. Bf4 Nf6 4. e3 a6 5. Nbd2 Bf5 6. Bd3 Bg6 7. O-O e6 8. a3 Bd6 9. Bxd6 Qxd6 10. Qe2 Bxd3 11. Qxd3 h6 12. Rac1 O-O 13. c4 b6 14. Rc2 Ne7 15. Rfc1 c5 16. dxc5 Qxc5 17. b4 dxc4 18. Rxc4 Qh5 19. Ne4 Nxe4 20. Qxe4 Rfd8 21. Rd4 Nf5 22. Rxd8+ Rxd8 23. Qe5 Rd5 24. Qb8+ Kh7 25. e4 Rd7 26. exf5 Qxf5 27. Qxb6 Qd3 28. h3 Qxa3 29. Qc6 Qd3 30. Ne5 1-0

[Event "Slovakian-ch Youth 2022"]
[Site "Lubovna"]
[Date "2022.05.23"]
[Round "3.34"]
[White "Janoska Peter"]
[Black "Kriska Alexander"]
[Result "1-0"]
[ECO "C29"]
[WhiteElo "1272"]
[BlackElo "1046"]
[Annotator "NA RC COMBH"]
[PlyCount "31"]
[EventDate "2022.05.22"]
[EventCountry "SVK"]
[SourceTitle "playchess.com"]
[Source "ChessBase"]
[SourceQuality "1"]
[TimeControl "40/5400+30:1800+30"]

1. e4 e5 2. Nc3 Nf6 3. f4 d5 4. fxe5 Nxe4 5. Qf3 Nxc3 6. bxc3 Be7 7. Nh3 O-O 8. Nf4 c6 9. d4 Nd7 10. Bd3 Re8 11. O-O Nb6 12. Qh5 g6 13. Nxg6 fxg6 14. Bxg6 hxg6 15. Qxg6+ Kh8 16. Rf7 1-0

[Event "Slovakian-ch Youth 2022"]
[Site "Lubovna"]
[Date "2022.05.23"]
[Round "3.35"]
[White "Slivka Martin"]
[Black "Diachenko Mykhailo"]
[Result "1-0"]
[ECO "C42"]
[WhiteElo "1000"]
[BlackElo "1000"]
[Annotator "NA RC COMBH"]
[PlyCount "129"]
[EventDate "2022.05.22"]
[EventCountry "SVK"]
[SourceTitle "playchess.com"]
[Source "ChessBase"]
[SourceQuality "1"]
[TimeControl "40/5400+30:1800+30"]

1. e4 e5 2. Nf3 Nf6 3. Nxe5 d6 4. Nf3 Nxe4 5. Qe2 Qe7 6. d3 Nf6 7. Bg5 Qxe2+ 8. Bxe2 Be7 9. Nbd2 h6 10. Bh4 b6 11. Nf1 O-O 12. Bxf6 Bxf6 13. Rb1 Re8 14. Ng3 Bb7 15. O-O Bd5 16. c4 Bc6 17. Nh5 Rxe2 18. Nxf6+ gxf6 19. Nd4 Rd2 20. Rfd1 Rxd1+ 21. Rxd1 Bd7 22. b3 Be6 23. Re1 Bg4 24. Re8+ Kg7 25. Nc6 Bd7 26. Rxb8 Bxc6 27. Rxa8 Bxa8 28. f4 d5 29. g4 dxc4 30. dxc4 Kg6 31. h3 f5 32. Kf2 fxg4 33. hxg4 f5 34. Kg3 Be4 35. b4 fxg4 36. Kxg4 h5+ 37. Kh4 Bf3 38. Kg3 Bg4 39. Kh4 Kf5 40. Kg3 Ke4 41. a3 c6 42. b5 c5 43. a4 Kd4 44. Kf2 Kxc4 45. Ke3 Kb4 46. Ke4 Kxa4 47. f5 Bxf5+ 48. Kxf5 Kxb5 49. Ke4 h4 50. Kf3 a5 51. Kg4 a4 52. Kxh4 a3 53. Kg3 a2 54. Kf4 a1=Q 55. Ke4 Qf1 56. Ke5 Kc6 57. Ke4 c4 58. Ke5 Qf3 59. Ke6 Qe4+ 60. Kf6 Kd7 61. Kf7 Qf5+ 62. Kg8 Ke7 63. Kg7 Qg5+ 64. Kh7 Kf7 65. Kh8 1-0

[Event "Slovakian-ch Youth 2022"]
[Site "Lubovna"]
[Date "2022.05.23"]
[Round "3.36"]
[White "Drabek Matej"]
[Black "Stavac Teodor"]
[Result "1-0"]
[ECO "C57"]
[WhiteElo "1000"]
[BlackElo "1000"]
[Annotator "NA RC COMBH"]
[PlyCount "63"]
[EventDate "2022.05.22"]
[EventCountry "SVK"]
[SourceTitle "playchess.com"]
[Source "ChessBase"]
[SourceQuality "1"]
[TimeControl "40/5400+30:1800+30"]

1. e4 e5 2. Nf3 Nc6 3. Bc4 Nf6 4. Ng5 d5 5. exd5 Nxd5 6. Nc3 Be6 7. Nf3 Bd6 8. Bxd5 Bxd5 9. Nxd5 Bc5 10. Nc3 O-O 11. O-O Re8 12. d3 Bd4 13. Re1 Bxc3 14. bxc3 e4 15. Ng5 h6 16. Nxe4 Qh4 17. h3 Ne5 18. c4 Qf6 19. Nxf6+ gxf6 20. Bb2 Rad8 21. Bxe5 fxe5 22. Qg4+ Kf8 23. Qh5 f6 24. Qxh6+ Kf7 25. Rab1 b6 26. Qh7+ Ke6 27. Qxc7 Rc8 28. Qxa7 Rb8 29. Rxb6+ Kf5 30. Rxb8 Kg5 31. Qh7 Kf4 32. Kh2 1-0